 Dungeon Crawl Stone Soup version 0.31-a0-1027-gfb7600b534 (webtiles) character file.

Game seed: 13756321831288768190

23767 Impy the Arsonist (level 12, -4/74 HPs)
             Began as a Demonspawn Fire Elementalist on Nov 18, 2023.
             Was an Elder of Vehumet.
             Slain by Frances
             ... wielding a +0 flail
              (21 damage)
             ... on level 13 of the Dungeon.
             The game lasted 00:56:32 (15623 turns).

Impy the Arsonist (Demonspawn Fire Elementalist)   Turns: 15623, Time: 00:56:33

Health: -4/74      AC: 14    Str:  8    XL:     12   Next: 74%
Magic:  18/37      EV: 12    Int: 22    God:    Vehumet [****..]
Gold:   755        SH:  0    Dex: 18    Spells: 7/35 levels left

rFire   . . .        u - +2 dagger (chaos)
rCold   . . .        (no shield)
rNeg    . . .        y - +2 robe {Will+}
rPois   .            B - +1 helmet {SInv}
rElec   .            k - +0 cloak
rCorr   .            q - +0 pair of gloves
SInv    +            i - +1 pair of boots
Will    +....        (no amulet)
Stlth   ++++         c - ring of magical power
HPRegen 0.32/turn    D - +4 ring of protection
MPRegen 0.25/turn

%: no passive effects
@: marked
A: claws 2, thin skeletal structure 2, powered by death 2, demonic magic 1
a: Renounce Religion


You were on level 13 of the Dungeon.
You worshipped Vehumet.
Vehumet was greatly pleased with you.
You visited 2 branches of the dungeon, and saw 14 of its levels.
You also visited: Ossuary and Ice Cave.

You collected 755 gold pieces.

Inventory:

Hand Weapons
 u - a +2 dagger of chaos (weapon)
Armour
 i - a +1 pair of boots (worn)
 k - a +0 cloak (worn)
 q - a +0 pair of gloves (worn)
 y - a +2 robe of willpower (worn)
 B - a +1 helmet of see invisible (worn)
Magical Staves
 G - a staff of conjuration
Jewellery
 c - a ring of magical power (left hand)
 D - a +4 ring of protection (right hand)
 E - a +6 ring of dexterity
Wands
 a - a wand of polymorph (6)
 f - a wand of iceblast (29)
 o - a wand of paralysis (12)
 A - a wand of flame (27)
Scrolls
 e - 3 scrolls of fog
 m - 4 scrolls of teleportation
 n - 3 scrolls of silence
 r - a scroll of vulnerability
 s - a scroll of enchant weapon
 t - a scroll of poison
 w - 2 scrolls of immolation
 C - 4 scrolls of identify
 H - a scroll of fear
Potions
 b - a potion of berserk rage
 d - 3 potions of enlightenment
 g - 3 potions of curing
 h - 3 potions of attraction
 j - 2 potions of haste
 l - a potion of resistance
 p - a potion of might
 v - a potion of mutation
 x - 2 potions of lignification
 z - a potion of brilliance
 I - a potion of cancellation {unknown}
Miscellaneous
 F - a condenser vane


   Skills:
 - Level 1.7 Dodging
 - Level 1.7 Stealth
 + Level 12.4 Spellcasting
 - Level 12.1 Conjurations
 + Level 12.4 Fire Magic


You had 7 spell levels left.
You knew the following spells:

 Your Spells              Type           Power      Damage    Failure   Level
a - Foxfire               Conj/Fire      100%       2x1d9     1%          1
b - Scorch                Fire           100%       2d9       1%          2
c - Flame Wave            Conj/Fire      61%        2d14      1%          4
d - Sticky Flame          Conj/Fire      61%        2d8       1%          4
e - Ignite Poison         Fire/Tmut/Pois 32%        N/A       1%          3
f - Inner Flame           Hex/Fire       41%        N/A       1%          3
g - Mephitic Cloud        Conj/Pois/Air  31%        N/A       1%          3
h - Ignition              Fire           31%        3d10      41%         8

Your spell library contained the following spells:

 Spells                   Type           Power      Damage    Failure   Level
 Stone Arrow              Conj/Erth      80%        3d12      1%          3
 Static Discharge         Conj/Air       80%        3-7/arc   1%          2
 Dazzling Flash           Conj/Hex       80%        N/A       1%          3
 Volatile Blastmotes      Fire/Tloc      82%        2d16      1%          3
 Arcjolt                  Conj/Air       20%        1d30      3%          5
 Apportation              Tloc           26%        N/A       4%          1
 Necrotise                Necr           52%        1d6       4%          1
 Summon Small Mammal      Summ           52%        N/A       4%          1
 Cigotuvi's Dreadful Rot  Necr/Pois/Air  26%        N/A       7%          2
 Ensorcelled Hibernation  Hex/Ice        26%        N/A       7%          2
 Jinxbite                 Hex            26%        N/A       7%          2
 Passwall                 Tmut/Erth      10%        N/A       7%          2
 Airstrike                Air            6%         2d(1-17)  13%         4
 Olgreb's Toxic Radiance  Pois           13%        N/A       13%         4
 Call Canine Familiar     Summ           13%        N/A       14%         3
 Summon Guardian Golem    Hex/Summ       13%        N/A       14%         3
 Swiftness                Air            13%        N/A       14%         3
 Conjure Ball Lightning   Conj/Air       20%        3x3d6     16%         6
 Anguish                  Hex/Necr       6%         N/A       43%         4
 Dispel Undead            Necr           13%        3d9       43%         4
 Summon Lightning Spire   Summ/Air       13%        N/A       43%         4
 Vhi's Electric Charge    Tloc/Air       26%        N/A       43%         4
 Agony                    Necr           13%        N/A       78%         5
 Silence                  Hex/Air        6%         N/A       78%         5
 Death Channel            Necr           6%         N/A       100%        6
 Simulacrum               Ice/Necr       6%         N/A       100%        6
 Ozocubu's Refrigeration  Ice            6%         4d8       100%        7
 Discord                  Hex            6%         N/A       100%        8
 Disjunction              Tloc           6%         N/A       100%        8
 Maxwell's Capacitive Co  Air            6%         ∞         100%        8
 Polar Vortex             Ice            6%         N/A       100%        9


Dungeon Overview and Level Annotations

Branches:
Dungeon (13/15)            Temple (1/1) D:5            Lair (0/5) D:10
    Orc (0/2) D:10        Ossuary (visited)           IceCv (visited)
 Vaults: D:13-14

Altars:
Ashenzari
Cheibriados
Dithmenos
Fedhas
Gozag
Hepliaklqana
Kikubaaqudgha
Makhleb
Nemelex Xobeh
Okawaru
Qazlal
Ru
Sif Muna
Trog
Uskayaw
Vehumet
Wu Jian
Xom
Yredelemnul

Shops:
D:2 (   D:7 (   D:8 [

Annotations:
D:13 Azrael, Frances


Innate Abilities, Weirdness & Mutations

You have very sharp fingernails.
You have a moderately thin skeletal structure. (Dex +4, Stealth++)
You regenerate health from kills.
Spells you cast may paralyse adjacent enemies.


Message History

Frances is heavily wounded.
Malevolent energies surge around you.
Frances burns!
Frances chants phrases taken from a devil's mouth.
The iron shot misses you. Frances hits you but does no damage.
Okay, then.
Unknown command.
Casting: Scorch (safe; 1% risk of failure)
Confirm with . or Enter, or press ? or * to list all spells.
Okay, then.
Casting: Scorch (safe; 1% risk of failure)
Confirm with . or Enter, or press ? or * to list all spells.
Aiming: Mephitic Cloud (safe; 1% risk of failure)
Press: ? - help, Shift-Dir - straight line, p - Frances The ball explodes into a vile cloud!
The stinking cloud engulfs Frances but does no damage.
Frances is heavily wounded.
Malevolent energies surge around you.
Frances burns!
Frances hits you with a +0 flail!
* * * LOW HITPOINT WARNING * * *
Frances burns!
Frances hits you with a +0 flail.
* * * LOW HITPOINT WARNING * * *
Casting: Mephitic Cloud (safe; 1% risk of failure)
Confirm with . or Enter, or press ? or * to list all spells.
Aiming: Sticky Flame (safe; 1% risk of failure)
Press: ? - help, Shift-Dir - straight line, f - Frances
Aim: Frances, wielding a +0 flail and wearing a +0 scale mail (severely wounded, fast, covered in liquid flames, more vulnerable to fire)
The sticky flame hits Frances!
Frances is burned terribly!
Frances is severely wounded.
Frances is covered in liquid flames!
Malevolent energies surge around you.
Frances burns!
Frances chants phrases taken from a devil's mouth.
Unknown command.
Casting: Sticky Flame (safe; 1% risk of failure)
Confirm with . or Enter, or press ? or * to list all spells.
Flames lash the ynoxinul.
The ynoxinul is heavily wounded.
The ynoxinul's fire resistance burns away.
Malevolent energies surge around you.
Frances burns!
Frances hits you with a +0 flail!!
You die...

## ..
##.###################
#....................#
#.>.##.########.####.#
#....#@# #.# #.#
#?...@.# #.####>#
#...○..#.# #...##.#
###...##3# #.#.##.#
...... #.# #.#.##.#
###.# #.# #......# #.
..# #####.#### # ###
#.......# #
#.###.#.###


You could see Frances (fast, burning, combustible) and a ynoxinul (summoned,
combustible).

Vanquished Creatures
  A centaur warrior (D:11)
  2 two-headed ogres
  Erica (D:8)
  3 death yaks (D:10)
  An arcanist (D:9)
  A deep elf pyromancer (D:12)
  2 ugly things
  A manticore (D:11)
  Joseph (D:7)
  2 gargoyles (D:12)
  Jeremiah (D:8)
  Maggie (D:10)
  A kobold demonologist (D:12)
  2 rime drakes (IceCv)
  2 komodo dragons
  6 trolls
  A hornet (D:8)
  4 slime creatures (D:12)
  Sigmund (D:2)
  4 wraiths
  A vampire (D:7)
  26 yaks
  A basilisk (D:12)
  2 steam dragons
  3 vampire mosquitoes (D:11)
  5 acid dragons
  3 water moccasins
  5 orc warriors
  3 black bears
  3 ice beasts
  2 sky beasts
  2 hornet zombies (D:7)
  4 centaurs
  2 phantoms
  4 kobold brigands
  Blork the orc (D:5)
  A wyvern zombie (D:7)
  2 scorpions
  7 bullfrogs
  16 wights
  6 killer bees (D:10)
  A lindwurm simulacrum (IceCv)
  4 howler monkeys
  5 electric eels
  5 komodo dragon simulacra (IceCv)
  6 bullfrog zombies (D:7)
  2 crimson imps
  A centaur zombie (D:7)
  6 hounds
  8 orc priests
  A jelly (D:6)
  A gnoll bouda (D:8)
  2 iguanas
  9 orc wizards
  A sleepcap (D:6)
  Natasha (twice) (D:2)
  A hell rat (D:10)
  3 killer bee zombies (D:7)
  A howler monkey zombie (D:7)
  2 adders (D:2)
  8 gnolls
  A river rat (D:10)
  5 acid dragon simulacra (IceCv)
  A shadow imp (D:8)
  13 white imps
  2 ufetubi (D:5)
  A steam dragon simulacrum (IceCv)
  An adder zombie (Ossuary)
  A worm (D:2)
  3 dart slugs
  33 orcs
  8 ball pythons
  4 bats
  9 endoplasms
  A giant cockroach (D:4)
  4 goblins
  4 hobgoblins
  3 jackals (D:4)
  14 kobolds
  9 quokkas
  4 frilled lizards
  A hobgoblin skeleton (Ossuary)
  2 hobgoblin zombies (Ossuary)
  4 orc skeletons (Ossuary)
  5 rats
339 creatures vanquished.

Vanquished Creatures (others)
  54 foxfires
54 creatures vanquished.

Grand Total: 393 creatures vanquished

Notes
Turn   | Place    | Note
-------+----------+-------------------------------------------
     0 | D:1      | Impy the Demonspawn Fire Elementalist began the quest for
                  | the Orb.
     0 | D:1      | Reached XP level 1. HP: 13/13 MP: 3/3
   225 | D:1      | Gained mutation: You have a somewhat thin skeletal
                  | structure. (Dex +2, Stealth+) [demonic ancestry]
   225 | D:1      | Reached XP level 2. HP: 19/19 MP: 5/5
   238 | D:1      | Found a faded altar of an unknown god.
   422 | D:1      | Learned a level 2 spell: Scorch
   970 | D:1      | Gained mutation: Spells you cast may paralyse adjacent
                  | enemies. [demonic ancestry]
   970 | D:1      | Reached XP level 3. HP: 24/24 MP: 6/6
  1246 | D:2      | Noticed Sigmund
  1255 | D:2      | Killed Sigmund
  1256 | D:2      | Reached XP level 4. HP: 30/30 MP: 9/9
  1256 | D:2      | Reached XP level 5. HP: 35/35 MP: 10/10
  1332 | D:2      | Noticed Natasha
  1335 | D:2      | Killed Natasha
  1685 | D:2      | Noticed Natasha
  1690 | D:2      | Killed Natasha
  1691 | D:2      | Reached XP level 6. HP: 29/41 MP: 11/11
  1841 | D:2      | Found Zuulyhur's Antique Weapon Shop.
  2486 | D:3      | You fall into a shaft and drop 3 floors!
  2657 | D:6      | Noticed a sky beast
  2668 | D:6      | Gained mutation: You have sharp fingernails. [demonic
                  | ancestry]
  2668 | D:6      | Reached XP level 7. HP: 44/46 MP: 13/13
  2674 | D:6      | Reached skill level 5 in Fire Magic
  2694 | D:5      | Entered Level 5 of the Dungeon
  2796 | D:5      | Found a stormy altar of Qazlal.
  2984 | D:3      | Gained mutation: You have a moderately thin skeletal
                  | structure. (Dex +4, Stealth++) [demonic ancestry]
  2984 | D:3      | Reached XP level 8. HP: 52/52 MP: 20/20
  2990 | D:3      | Learned a level 4 spell: Flame Wave
  3175 | D:3      | Learned a level 4 spell: Sticky Flame
  3696 | D:4      | Found a hide-covered altar of Uskayaw.
  3824 | D:4      | Identified the +3 leather armour "Debeh" {rC+ Str+3}
  4210 | D:4      | Identified the +9 mace of Destiny {spect, rPois rC- SInv}
  4431 | D:4      | Found a snail-covered altar of Cheibriados.
  4431 | D:4      | Found an iron altar of Okawaru.
  4638 | D:5      | Found a staircase to the Ecumenical Temple.
  4648 | Temple   | Entered the Ecumenical Temple
  4664 | Temple   | Became a worshipper of Vehumet
  4811 | D:5      | Found a broken altar of Ashenzari.
  5146 | D:5      | Noticed Blork the orc
  5151 | D:5      | Killed Blork the orc
  5391 | D:5      | Gained mutation: You have very sharp fingernails. [demonic
                  | ancestry]
  5391 | D:5      | Reached XP level 9. HP: 50/57 MP: 21/21
  5883 | D:6      | Found a bloodstained altar of Trog.
  6217 | D:7      | Reached * piety under Vehumet
  6217 | D:7      | Offered knowledge of Sandblast by Vehumet.
  6473 | D:7      | Noticed Joseph
  6843 | D:7      | Found a sand-covered staircase.
  6847 | Ossuary  | Entered an ossuary
  7115 | Ossuary  | Gained mutation: You regenerate a little health from kills.
                  | [demonic ancestry]
  7115 | Ossuary  | Reached XP level 10. HP: 52/63 MP: 23/23
  7345 | D:7      | Found Kuexi's Weapon Shop.
  7347 | D:7      | Killed Joseph
  7671 | D:7      | Found a shimmering altar of Xom.
  7671 | D:7      | Found a burning altar of Makhleb.
  7674 | D:7      | Reached ** piety under Vehumet
  7977 | D:8      | Offered knowledge of Static Discharge by Vehumet.
  7986 | D:8      | Noticed Erica
  7995 | D:8      | Killed Erica
  7996 | D:8      | Reached skill level 10 in Conjurations
  8140 | D:8      | Noticed a two-headed ogre
  8707 | D:8      | Found Gephuyrr's Armour Emporium.
  8748 | D:8      | Noticed Jeremiah
  8861 | D:8      | Killed Jeremiah
  9468 | D:8      | Offered knowledge of Ignite Poison by Vehumet.
  9469 | D:8      | Reached skill level 10 in Fire Magic
  9473 | D:8      | Learned a level 3 spell: Ignite Poison
  9714 | D:9      | Found a sacrificial altar of Ru.
  9966 | D:9      | Reached skill level 10 in Spellcasting
 10120 | D:9      | Gained mutation: You regenerate health from kills. [demonic
                  | ancestry]
 10120 | D:9      | Reached XP level 11. HP: 40/68 MP: 25/25
 10247 | D:9      | Noticed a brown ugly thing
 10261 | D:9      | Killed a brown ugly thing
 10264 | D:9      | Noticed an arcanist
 10268 | D:9      | Killed an arcanist
 10343 | D:9      | Found a basalt altar of Yredelemnul.
 10345 | D:9      | Found a shimmering blue altar of Sif Muna.
 10769 | D:10     | Entered Level 10 of the Dungeon
 10782 | D:10     | Noticed Maggie
 10789 | D:10     | Reached *** piety under Vehumet
 10986 | D:10     | Killed Maggie
 11279 | D:10     | Found a staircase to the Orcish Mines.
 11380 | D:10     | Noticed a death yak
 11388 | D:10     | Noticed a death yak
 11395 | D:10     | Noticed a death yak
 11396 | D:10     | Killed a death yak
 11689 | D:10     | Learned a level 3 spell: Inner Flame
 11799 | D:10     | Killed a death yak
 11805 | D:10     | HP: 3/68 [death yak (17)]
 11806 | D:10     | Killed a death yak
 11987 | D:10     | Offered knowledge of Mephitic Cloud by Vehumet.
 12023 | D:10     | Found a staircase to the Lair.
 12099 | D:10     | Learned a level 3 spell: Mephitic Cloud
 12169 | Gauntlet | Identified the "Gezugac"
 12191 | D:11     | Found a broken altar of Ashenzari.
 12191 | D:11     | Noticed a two-headed ogre
 12199 | D:11     | Killed a two-headed ogre
 12467 | D:11     | Noticed a cyan ugly thing
 12478 | D:11     | Killed a cyan ugly thing
 12479 | D:11     | Reached XP level 12. HP: 25/74 MP: 27/27
 12730 | D:11     | Reached **** piety under Vehumet
 12734 | D:11     | Found a frozen archway.
 12735 | D:11     | Offered knowledge of Stone Arrow by Vehumet.
 12747 | IceCv    | Entered an ice cave
 13422 | D:11     | Found a shimmering altar of Xom.
 13422 | D:11     | Noticed a centaur warrior
 13450 | D:11     | Killed a centaur warrior
 14259 | D:12     | Learned a level 8 spell: Ignition
 14398 | D:12     | Noticed a two-headed ogre
 14403 | D:12     | Killed a two-headed ogre
 15463 | D:13     | Noticed Azrael
 15614 | D:13     | Noticed Frances
 15623 | D:13     | Slain by Frances

Illustrated notes

Levels and vault maps discovered:
D:1:      minmay_arrival_radiant_lines, layout_loops_ring,
          ebering_ecumenical_altar_petrified, minmay_surrounded
D:2:      layout_basic, serial_shops, shop, minmay_misc_feat_enclosed,
          st_stairs_10, kennysheep_crisscross, uniq_natasha, uniq_sigmund
D:3:      layout_basic, serial_forest, infiniplex_forest_lined_room_,
          infiniplex_forest_pool, infiniplex_forest_lined_1,
          infiniplex_forest_end_2, infiniplex_forest_clump_C,
          infiniplex_forest_end_2, infiniplex_forest_clump_diagonal,
          infiniplex_forest_clump_small
D:4:      layout_loops_ring, amethyst_overflow_temple_binary,
          mainiacjoe_overflow_alcove_1
D:5:      layout_loops_ring, nicolae_qazlal_scattered_showers,
          nicolae_ashenzari_panopticon, minmay_temple_entry_wispy,
          uniq_blork_the_orc
D:6:      layout_basic, general_overflow_altar
D:7:      layout_basic, grunt_temple_overflow_champion_of_chaos, serial_shops,
          nicolae_shop_pleasant_corner_grove, nicolae_ossuary_entry_plus,
          serial_undead, serial_undead_f, serial_undead_d, serial_undead_a,
          serial_undead_e, kennysheep_small_spiral, uniq_joseph
D:8:      layout_basic, serial_shops, nicolae_shop_gibbet_a_chance,
          kennysheep_kite_vault, uniq_erica, uniq_jeremiah
D:9:      layout_loops_ring, nicolae_ru_the_path_less_chosen,
          chequers_temple_overflow_statue_of_worship, serial_bayou,
          serial_bayou_ford_a, serial_bayou_pond_b, serial_bayou_lagoon_b,
          serial_bayou_lagoon_a, chequers_serial_rivers_room_b,
          lightli_wizard_tower
D:10:     layout_layer_cave, dpeg_lair_monsters, minmay_orc_entry_temple_small,
          uniq_maggie
D:11:     layout_basic, portal_ice_cave_entry_imps, gauntlet_entry_generic,
          kennysheep_diamond, roderic_filled_cross, xom_confusion_cloud
D:12:     layout_loops_corners
D:13:     layout_loops_corners, uniq_azrael, uniq_frances, uniq_jorgrun
Temple:   bh_familiar_temple

Skill      XL: |  1  2  3  4  5  6  7  8  9 10 11 12 |
---------------+-------------------------------------+-----
Fire Magic     | 3 4 8 9 10 11 12 | 12.4
Conjurations   | 3 4 8 9 10 11 12 | 12.1
Spellcasting   | 3 4 8 9 10 11 12 | 12.4
Dodging        | |  1.7
Stealth        | |  1.7

Action                     |  1- 3 |  4- 6 |  7- 9 | 10-12 || total
---------------------------+-------+-------+-------+-------++-------
  Melee: Unarmed           |       |     3 |     1 |       ||     4
         Dagger            |       |       |       |    75 ||    75
         Punch             |       |       |       |     1 ||     1
   Cast: Foxfire           |    29 |       |       |     5 ||    34
         Scorch            |    20 |    49 |   102 |   241 ||   412
         Sticky Flame      |       |       |    20 |    98 ||   118
         Flame Wave        |       |       |    11 |     9 ||    20
         Ignite Poison     |       |       |       |     2 ||     2
         Mephitic Cloud    |       |       |       |     3 ||     3
         Inner Flame       |       |       |       |     2 ||     2
  Evoke: Wand              |       |       |       |     3 ||     3
    Use: Scroll            |     4 |     2 |     8 |    12 ||    26
         Potion            |       |       |     2 |     5 ||     7
   Stab: Paralysed         |       |     2 |       |    58 ||    60
 Armour: Robe              |     9 |    10 |    51 |   177 ||   247
  Dodge: Dodged            |     9 |    11 |    33 |    88 ||   141

Table legend: (Time is in decaauts)
 A = Elapsed time spent in this place.
 B = Non-inter-level travel time spent in this place.
 C = Inter-level travel time spent in this place.
 D = Time resting spent in this place.
 E = Time spent auto-exploring this place.
 F = Levels seen in this place.
 G = Mean time per level.
                   A        B        C        D        E       F      G
               +--------+--------+--------+--------+--------+-----+--------+
         Total |  15736 |  15302 |    434 |     59 |  12606 |  16 |  983.5 |
       Dungeon |  14729 |  14309 |    420 |     59 |  11827 |  13 | 1133.0 |
        Temple |     31 |     17 |     14 |      0 |      0 |   1 |   31.0 |
       Ossuary |    409 |    409 |      0 |      0 |    310 |   1 |  409.0 |
      Ice Cave |    565 |    565 |      0 |      0 |    469 |   1 |  565.0 |
               +--------+--------+--------+--------+--------+-----+--------+

Top non-repeatable levels by time:
     D:7: 1567 daAuts
     D:8: 1508 daAuts
     D:3: 1460 daAuts
    D:12: 1446 daAuts
     D:9: 1436 daAuts
    D:11: 1262 daAuts
    D:10: 1108 daAuts
     D:5: 1056 daAuts
     D:1: 1033 daAuts
     D:4: 923 daAuts
     D:6: 863 daAuts
     D:2: 832 daAuts
   IceCv: 565 daAuts
 Ossuary: 409 daAuts
    D:13: 230 daAuts
